Map: Станция Проксима РВ

Players

Ilastan

  • Race: Zerg Zerg
  • League: Master
  • Spawn Location: 7:00

ELESTRAGO - Winner!

  • Race: Terran Terran
  • League: Master
  • Spawn Location: 1:00

VOD

https://www.youtube.com/watch?v=r1u2qrPqcHE&feature=gp-n-y&google_comment_id=z13qgrmpvlyhuhwpd04cipuxmr2ixh1y1hw

Description

Time

  • Played on: March 24, 2017, 10:05 a.m.
  • Length: 8:48
Show
View Real Time Build Order
Export as new Build Order

Ilastan Zerg 

Build Orders: Hatch First 

Get SALT Encoding   

  12  0:00  Drone  
  13  0:13  Overlord  
  13  0:17  Drone  
  14  0:31  Drone x2  
  14  0:35  Drone  
  17  0:52  Hatchery  
  16  0:57  Drone  
  16  0:58  Drone  
  18  1:07  Extractor  
  17  1:15  Spawning Pool  
  17  1:17  Drone  
  17  1:20  Drone  
  18  1:29  Drone  
  19  1:39  Overlord  
  19  2:02  Zergling x4  
  19  2:03  Queen  
  19  2:04  Queen  
  19  2:05  Drone  
  19  2:08  Metabolic Boost  
  26  2:13  Drone  
  29  2:22  Drone x2  
  29  2:28  Drone  
  30  2:34  Overlord  
  30  2:38  Drone  
  31  2:55  Queen  
  31  2:56  Overlord, Drone  
  31  2:57  Drone  
  35  3:03  Overlord  
  35  3:18  Drone x7  
  35  3:19  Drone  
  42  3:32  Hatchery  
  41  3:35  Drone  
  41  3:37  Drone x2  
  41  3:39  Drone  
  45  3:42  Queen  
  47  3:50  Queen  
  47  3:53  Drone x3  
  47  3:54  Drone x2  
  54  3:56  Extractor  
  54  3:58  Zergling x2  
  54  4:02  Zergling x2  
  53  4:04  Zergling x4  
  55  4:10  Zergling x4  
  55  4:11  Zergling x2  
  54  4:20  Zergling x8  
  51  4:24  Zergling x2  
  50  4:32  Zergling x2  
  50  4:34  Drone  
  50  4:37  Drone  
  51  4:43  Drone x3  
  51  4:44  Spore Crawler  
  51  4:45  Spore Crawler  
  52  4:46  Drone x2  
  54  4:55  Evolution Chamber  
  54  4:56  Drone x3  
  56  5:01  Spore Crawler  
  54  5:10  Drone  
  54  5:11  Drone x7  
  60  5:16  Lair  
  60  5:22  Spine Crawler  
  60  5:23  Spine Crawler  
  60  5:24  Drone  
  60  5:25  Zergling x2  
  60  5:30  Zerg Ground Armor Level 1  
  60  5:33  Drone x2  
  62  5:45  Overlord  
  62  5:48  Drone x3  
  65  5:50  Overlord x2  
  65  5:55  Baneling Nest, Evolution Chamber  
  63  5:59  Queen  
  63  6:08  Drone x3  
  63  6:09  Drone x4  
  63  6:10  Drone x2  
  68  6:14  Spine Crawler  
  68  6:16  Drone x2  
  69  6:20  Extractor, Drone x2  
  69  6:21  Extractor  
  69  6:27  Drone  
  69  6:28  Drone x3  
  69  6:29  Drone x2  
  75  6:34  Zerg Melee Weapons Level 1  
  75  6:39  Spire  
  72  6:47  Zergling x10  
  72  6:48  Zergling x2  
  72  6:49  Drone  
  72  6:53  Drone  
  80  6:54  Drone  
  80  6:57  Extractor  
  80  7:01  Baneling x3  
  80  7:02  Baneling x2  
  80  7:04  Drone x3  
  80  7:07  Drone  
  80  7:08  Drone  
  85  7:20  Hatchery  
  85  7:22  Drone x4  
  87  7:23  Drone  
  87  7:25  Zergling x2  
  87  7:27  Extractor, Overlord x2  
  88  7:33  Zergling x2  
  84  7:39  Zergling x14  
  84  7:41  Zergling x8  
  88  7:46  Baneling x2  
  88  7:49  Zergling x4  
  90  7:52  Zergling x2  
  91  7:59  Baneling  
  91  8:00  Baneling x6  
  91  8:01  Zergling x6  
  91  8:04  Zergling x6  
  97  8:09  Zergling x2  
  95  8:19  Zergling x16  
  85  8:26  Zergling x4  
Show
View Real Time Build Order
Export as new Build Order

ELESTRAGO Terran - Winner!

Build Orders: Reaper Expand, MMM Bio 

Get SALT Encoding   

  12  0:01  SCV  
  13  0:13  SCV  
  14  0:18  Supply Depot  
  14  0:25  SCV  
  15  0:29  Refinery  
  15  0:39  SCV  
  16  0:44  Barracks  
  16  0:51  SCV  
  17  1:03  SCV  
  18  1:17  SCV  
  19  1:31  Orbital Command  
  19  1:32  Reaper  
  20  1:43  Command Center  
  20  1:56  Factory  
  20  1:58  SCV  
  21  2:05  Refinery  
  21  2:07  Barracks Reactor  
  21  2:10  SCV  
  22  2:17  Supply Depot  
  22  2:22  SCV  
  23  2:39  SCV  
  24  2:46  Starport  
  24  2:51  SCV  
  25  2:55  Marine, Hellion  
  25  2:56  Hellion  
  30  3:00  Orbital Command  
  30  3:03  SCV  
  31  3:19  Hellion x2  
  35  3:20  Barracks Tech Lab  
  35  3:21  SCV  
  35  3:26  SCV  
  37  3:37  SCV  
  37  3:39  SCV  
  37  3:41  Raven  
  39  3:46  Barracks Tech Lab  
  41  3:50  SCV  
  41  3:51  SCV  
  41  3:54  Command Center  
  43  4:02  SCV  
  44  4:03  SCV  
  44  4:08  Marine  
  44  4:09  Stimpack  
  46  4:24  SCV  
  46  4:31  Raven  
  46  4:34  SCV  
  46  4:36  SCV  
  46  4:37  Marine  
  43  4:41  Engineering Bay, Factory Reactor  
  43  4:42  Engineering Bay  
  43  4:43  Barracks  
  43  4:44  Barracks  
  43  4:46  SCV  
  43  4:48  SCV  
  43  4:50  Refinery  
  45  4:52  Refinery  
  45  4:55  Marine  
  45  4:58  Supply Depot  
  46  5:06  SCV x2  
  48  5:12  Orbital Command  
  48  5:14  Marine  
  48  5:16  Terran Infantry Weapons Level 1, Terran Infantry Armor Level 1  
  48  5:21  SCV x2  
  51  5:25  Supply Depot  
  51  5:33  Marine, Barracks, SCV x2  
  51  5:34  Orbital Command  
  51  5:35  Barracks  
  54  5:36  Marine x2  
  54  5:37  Factory Reactor, Starport Reactor  
  54  5:39  Marine x2  
  58  5:46  SCV x2  
  60  5:58  SCV x2  
  60  6:02  SCV  
  63  6:10  SCV  
  63  6:11  SCV  
  65  6:12  Combat Shields  
  65  6:13  Marine x4  
  65  6:14  Marine, SCV, Medivac x2  
  75  6:20  Supply Depot  
  75  6:22  Barracks Reactor x2  
  75  6:23  SCV  
  75  6:24  SCV  
  77  6:27  Supply Depot  
  77  6:30  Supply Depot, SCV, Hellion x2  
  82  6:35  SCV  
  82  6:36  SCV  
  84  6:42  SCV  
  84  6:46  Marine x4  
  89  6:47  SCV  
  89  6:49  SCV  
  89  6:52  Refinery  
  89  6:53  Marine, Refinery  
  92  6:54  SCV, Medivac x2  
  92  6:56  Hellion  
  92  6:58  Hellion  
  92  6:59  SCV  
  102  7:02  SCV  
  102  7:04  Marine  
  102  7:08  Armory, Factory  
  104  7:12  SCV x2  
  104  7:15  Supply Depot  
  106  7:19  Widow Mine  
  106  7:21  SCV  
  109  7:24  Supply Depot  
  109  7:26  Supply Depot x2  
  109  7:31  Concussive Shells  
  109  7:36  Marine x9, Widow Mine  
  109  7:37  SCV  
  117  7:41  Supply Depot  
  116  7:45  Supply Depot  
  116  7:46  Medivac x2  
  116  7:48  Widow Mine  
  116  7:49  Supply Depot  
  122  7:54  Marine x2, Marauder, SCV x3, Widow Mine  
  131  8:05  Widow Mine  
  133  8:06  Marine  
  133  8:07  Marine  
  135  8:16  Medivac x2  
  132  8:30  Marine  
Tags
 
Add a new tag
Caveats
  • Supply blocks, unpowered buildings, or Contaminate may cause inaccurate times.
  • Supply counts are checked every 10 seconds.